 Dungeon Crawl Stone Soup version 0.18-a0-1702-gd20c6a5 (webtiles) character file.

23051 Chiseanne the Whirler (level 12, -6/56 HPs)
             Began as a Spriggan Hunter on Apr 6, 2016.
             Was an Initiate of Gozag.
             Shot with an arrow by a centaur (9 damage)
             ... led by a centaur warrior
             ... on level 14 of the Dungeon.
             The game lasted 01:42:07 (16832 turns).

Chiseanne the Whirler (Spriggan Hunter)            Turns: 16832, Time: 01:42:08

Health: -6/56      AC:  3    Str:  8    XL:     12   Next: 68%
Magic:  0/15       EV: 35    Int: 13    God:    Gozag
Gold:   384        SH:  0    Dex: 21    Spells: 0 memorised, 11 levels left

rFire  + . .     SeeInvis +     a - +8 spear of Fragile Peace {flame, rF+ MR+}
rCold  + . .     Gourm    .     J - +0 robe {rN+}
rNeg   + . .     Faith    .     (shield currently unavailable)
rPois  .         Spirit   +     j - +0 hat {Spirit}
rElec  .         Dismiss  .     U - +0 cloak {+Inv}
rCorr  .         Reflect  .     (gloves unavailable)
SustAt .         Harm     .     (boots unavailable)
MR     +++..                    b - amulet of regeneration
Stlth  ++........               c - ring of protection from cold
                                Q - +3 ring of slaying

@: very quick, extremely resistant to hostile enchantments, unstealthy
A: unfitting armour, see invisible, herbivore 3, speed 3, slow metabolism 2
a: Potion Petition, Call Merchant, Bribe Branch, Renounce Religion, Evoke
Invisibility


You were on level 14 of the Dungeon.
You worshipped Gozag.
Gozag was noncommittal.
You were completely stuffed.

You visited 2 branches of the dungeon, and saw 15 of its levels.

You collected 2838 gold pieces.
You spent 1293 gold pieces at shops.
You paid 1161 gold pieces to Gozag.

Inventory:

Hand Weapons
 a - the +8 spear of Fragile Peace (weapon) {flame, rF+ MR+}
   (You found it on level 5 of the Dungeon)

   It has been specially enchanted to burn those struck by it, causing extra
   injury to most foes and up to half again as much damage against particularly
   susceptible opponents.
   It protects you from fire.
   It affects your resistance to hostile enchantments.
 d - a +1 short sword of protection
 e - a +1 hunting sling
 r - a +1 shortbow of evasion
Missiles
 h - 247 stones
 i - 324 arrows
 q - 34 poisoned needles
 u - 7 needles of confusion
 y - 26 arrows of flame
 B - 23 bolts of flame
 G - 28 sling bullets
 H - 38 poisoned arrows
 K - 73 bolts
 M - 9 curare-tipped needles
 R - a throwing net (quivered) {!*}
 W - 10 arrows of frost
 Z - 3 sling bullets of flame
Armour
 j - a +0 hat of spirit shield (worn)
 J - a +0 robe of positive energy (worn)
 N - a +1 robe of magic resistance
 U - a +0 cloak of invisibility (worn)
Magical Staves
 O - an uncursed staff of poison
Jewellery
 b - an amulet of regeneration (around neck)
 c - a ring of protection from cold (right hand)
 Q - a +3 ring of slaying (left hand)
 T - an uncursed ring of ice
Wands
 o - a wand of digging (16/24)
 F - a wand of slowing (17/48)
 Y - a wand of iceblast (7/15)
Scrolls
 w - 3 scrolls of teleportation
 x - 2 scrolls of remove curse
 A - a scroll of fog
 L - 6 scrolls of identify
 P - 2 scrolls of magic mapping
 S - a scroll of immolation
 X - a scroll of recharging
Potions
 g - 4 potions of lignification
 k - 10 potions of curing
 l - 3 potions of agility
 n - a potion of ambrosia
 s - 3 potions of heal wounds
 t - 2 potions of cancellation
 v - 3 potions of might
 z - 5 potions of berserk rage
 C - 4 potions of brilliance
 E - a potion of magic
Books
 m - a book of Fire

   Spells                             Type                      Level
   a - Ignite Poison                  Fire/Transmutation/Poison    3
   b - Fireball                       Conjuration/Fire             5
   c - Bolt of Fire                   Conjuration/Fire             6
   d - Delayed Fireball               Conjuration/Fire             7
   e - Ring of Flames                 Charms/Fire                  7
 D - a book of Necromancy

   Spells                             Type                      Level
   a - Pain                           Necromancy                   1
   b - Animate Skeleton               Necromancy                   1
   c - Vampiric Draining              Necromancy                   3
   d - Regeneration                   Charms/Necromancy            3
   e - Animate Dead                   Necromancy                   4
   f - Control Undead                 Necromancy                   4
Miscellaneous
 I - a phantom mirror
Comestibles
 f - 9 bread rations
 p - 9 royal jellies


   Skills:
 * Level 3.4 Fighting
 * Level 19.3 Slings
 - Level 16.9 Dodging
 - Level 1.5 Stealth
 * Level 3.1 Evocations


You had 11 spell levels left.
You didn't know any spells.

Dungeon Overview and Level Annotations

Branches:
Dungeon (14/15)            Temple (1/1) D:4            Lair (0/8) D:10
    Orc (0/2) D:11
 Vaults: D:13-14

Altars:
Ashenzari
Cheibriados
Dithmenos
Elyvilon
Fedhas
Gozag
Kikubaaqudgha
Makhleb
Nemelex Xobeh
Okawaru
Pakellas
Qazlal
Ru
Sif Muna
Trog
Vehumet
Xom
Yredelemnul
Zin
The Shining One

Shops:
D:4 ((   D:7 *   D:8 }   D:10 (   D:13 [

Annotations:
D:2 1 exclusion
D:10 exclusions: obsidian statue and orange crystal statue, Nergalle
D:11 exclusion: cyclops


Innate Abilities, Weirdness & Mutations

You are tiny and cannot use many weapons and most armour.
You have supernaturally acute eyesight.
You are a herbivore.
You cover ground extremely quickly.
You need consume almost no food.


Message History

The arrow hits you!
* * * LOW HITPOINT WARNING * * *
Read which item? (? for menu, Esc to quit)
As you read the scroll of summoning, it crumbles to dust.
Wisps of shadow whirl around you...
The centaur warrior shoots an arrow.
The arrow completely misses you. The arrow hits your centaur simulacrum!
You swap places.
You see here an arrow.
The centaur warrior shoots an arrow.
The arrow hits your centaur simulacrum!
Your centaur simulacrum vapourises!
The white ugly thing basks in the mutagenic energy from its kin and changes!
Found a scroll of enchant armour.
The centaur warrior shoots an arrow.
The arrow hits you!
* * * LOW HITPOINT WARNING * * *
You see here an arrow.
The cyan ugly thing gurgles horribly!
The centaur shouts!
The centaur shoots an arrow.
The arrow hits you!
You die...
Your body crumbles into a pile of gold.

#..###.u(........
##.##.!..(........ #.
..##............. ...
#.....# ......
.#.###.....# ....
.......?#u####.#
....(....$u....#
......u$######.######.#.
....u...>.......@.......
.).....u.c....<..#####.#
....u..#####..u#..####.##
...Z...# ##$...#.#......
..#########(...........#
......u...u..#l##T###..#
#..######uu###....# #
.........h.ucĀ§(.#...#
#..#####...####.#.#.#


You could see 4 ugly things, a centaur, a hound, a friendly komodo dragon and a
friendly troll.

Vanquished Creatures
  Gastronok (D:10)
  Erolcha (D:10)
  2 unseen horrors (D:10)
  5 hill giants
  Pikel (D:7)
  A deep elf mage (D:13)
  A cyclops (D:13)
  An elephant (D:10)
  Joseph (D:10)
  Maurice (D:8)
  2 gargoyles
  A komodo dragon (D:10)
  3 trolls
  Grinder (D:3)
  A two-headed ogre (D:13)
  Prince Ribbit (D:5)
  A shadow (D:14)
  A water elemental (D:11)
  4 yaks
  5 hippogriffs
  2 vampire mosquitoes (D:12)
  5 hungry ghosts
  Menkaure (D:5)
  A soldier ant (D:11)
  A water moccasin (D:8)
  5 sky beasts
  3 ice beasts
  A phantom (D:5)
  5 ogres
  2 slaves (D:7)
  6 orc warriors
  3 wasps
  An eye of draining (D:12)
  8 centaurs
  A crocodile (D:10)
  2 big kobolds
  5 giant frogs
  Blork the orc (D:5)
  A gnoll sergeant (D:11)
  A water moccasin skeleton (D:5)
  6 scorpions
  9 wights
  23 killer bees
  4 howler monkeys
  An electric eel (D:11)
  A centaur zombie (D:9)
  6 crimson imps
  2 centaur skeletons
  A giant frog zombie (D:12)
  11 hounds
  6 iguanas
  3 orc priests
  6 jellies
  3 giant frog skeletons
  A gnoll shaman (D:5)
  12 orc wizards
  7 worker ants
  Ijyb (D:3)
  A killer bee zombie (D:6)
  4 sheep
  2 hound skeletons
  15 gnolls
  A howler monkey skeleton (D:9)
  17 adders
  2 shadow imps
  2 adder skeletons
  An adder zombie (D:7)
  4 worms
  2 dart slugs
  5 giant geckos
  54 orcs
  A ball python (D:7)
  3 giant cockroaches
  5 goblins
  5 hobgoblins
  14 jackals
  4 quokkas
  4 bats
  A giant gecko skeleton (D:8)
  A giant gecko zombie (D:5)
  2 giant newts (D:5)
  12 kobolds
  10 rats
  2 plants (D:11)
367 creatures vanquished.

Vanquished Creatures (others)
  2 plants
2 creatures vanquished.

Grand Total: 369 creatures vanquished

Notes
Turn   | Place    | Note
--------------------------------------------------------------
     0 | D:1      | Chiseanne the Spriggan Hunter began the quest for the Orb.
     0 | D:1      | Reached XP level 1. HP: 10/10 MP: 2/2
   147 | D:1      | Reached skill level 5 in Slings
   410 | D:1      | Reached XP level 2. HP: 15/15 MP: 3/3
  1023 | D:2      | Reached XP level 3. HP: 18/18 MP: 4/4
  1221 | D:2      | Reached XP level 4. HP: 23/23 MP: 5/5
  1279 | D:2      | Found a bloodstained altar of Trog.
  1337 | D:2      | Reached skill level 6 in Slings
  2248 | D:3      | Reached XP level 5. HP: 27/27 MP: 6/6
  2259 | D:3      | Noticed Grinder
  2280 | D:3      | Killed Grinder
  2280 | D:3      | Reached skill level 8 in Slings
  2280 | D:3      | Reached XP level 6. HP: 19/32 MP: 7/7
  2416 | D:3      | Found a shadowy altar of Dithmenos.
  2794 | D:3      | Reached skill level 9 in Slings
  2906 | D:3      | Noticed Ijyb
  2918 | D:3      | Killed Ijyb
  3190 | D:3      | Noticed a sky beast
  3234 | D:3      | Killed a sky beast
  3234 | D:3      | Reached XP level 7. HP: 35/35 MP: 8/8
  3394 | D:4      | Found Cerigudda's Weapon Shoppe.
  3574 | D:4      | Found a staircase to the Ecumenical Temple.
  3579 | Temple   | Entered the Ecumenical Temple
  3596 | Temple   | Became a worshipper of Gozag Ym Sagoz the Greedy
  3673 | D:4      | Found Tosihy's Antique Weapon Emporium.
  3691 | D:4      | Reached skill level 10 in Slings
  3824 | D:4      | Found Plog's Distillery.
  3827 | D:4      | Bought 2 potions of brilliance for 80 gold pieces
  3827 | D:4      | Bought a potion of heal wounds for 50 gold pieces
  3892 | D:4      | Found a sacrificial altar of Ru.
  3964 | D:4      | Found a snail-covered altar of Cheibriados.
  4065 | D:4      | Found an opulent altar of Gozag.
  4115 | D:4      | Reached skill level 11 in Slings
  4355 | D:5      | Entered Level 5 of the Dungeon
  4398 | D:4      | Bought 2 potions of heal wounds for 100 gold pieces
  4463 | D:5      | Reached XP level 8. HP: 39/39 MP: 9/9
  4499 | D:5      | Got an ichor-stained spear
  4598 | D:5      | Noticed Prince Ribbit
  4609 | D:5      | Killed Prince Ribbit
  4609 | D:5      | Reached skill level 12 in Slings
  4832 | D:5      | Noticed Blork the orc
  4840 | D:5      | Killed Blork the orc
  4899 | D:5      | Reached skill level 13 in Slings
  4944 | D:5      | Found an oddly glowing altar of Pakellas.
  5097 | D:5      | Identified the +8 spear of Fragile Peace {flame, rF+ MR+} (You found it on level 5 of the Dungeon)
  5514 | D:5      | Found a shadowy altar of Dithmenos.
  5896 | D:5      | Noticed Menkaure
  5903 | D:5      | Killed Menkaure
  5903 | D:5      | Reached XP level 9. HP: 21/43 MP: 10/10
  6044 | D:6      | Reached skill level 14 in Slings
  6205 | D:4      | Bought 2 potions of cancellation for 160 gold pieces
  6205 | D:4      | Bought 2 potions of might for 80 gold pieces
  6205 | D:4      | Bought a potion of magic for 80 gold pieces
  6687 | D:6      | Identified a +0 rod of inaccuracy (9/9) (You found it on level 6 of the Dungeon)
  6833 | D:4      | Bought a potion of berserk rage for 50 gold pieces
  6833 | D:4      | Bought a potion of curing for 30 gold pieces
  6833 | D:4      | Bought a potion of curing for 30 gold pieces
  6902 | D:7      | Noticed Pikel
  7140 | D:6      | Reached skill level 16 in Slings
  7140 | D:6      | Reached XP level 10. HP: 47/47 MP: 11/11
  7291 | D:7      | Reached skill level 17 in Slings
  7328 | D:7      | Found Qukereho's Assorted Antiques.
  7723 | D:7      | Killed Pikel
  8125 | D:4      | Bought a potion of curing for 30 gold pieces
  8125 | D:4      | Bought a potion of lignification for 30 gold pieces
  8292 | D:8      | Found a basalt altar of Yredelemnul.
  8507 | D:8      | Noticed Maurice
  8598 | D:8      | Killed Maurice
  8688 | D:8      | Found Hidu's Quality Used Wands.
  8811 | D:8      | Reached XP level 11. HP: 40/51 MP: 12/12
  8964 | D:7      | Bought a potion of curing for 75 gold pieces
  8964 | D:7      | Bought a scroll of identify for 50 gold pieces
  8964 | D:7      | Bought a potion of curing for 75 gold pieces
  8964 | D:7      | Bought a scroll of identify for 50 gold pieces
  8964 | D:7      | Bought a jewelled silver wand for 100 gold pieces
  9682 | D:9      | Reached skill level 18 in Slings
  9921 | D:10     | Entered Level 10 of the Dungeon
  9956 | D:10     | Noticed an unseen horror
  9978 | D:10     | Killed an unseen horror
 10150 | D:10     | Noticed Gastronok
 10291 | D:10     | Noticed Joseph
 10424 | D:10     | Noticed Nergalle
 10425 | D:10     | Killed Gastronok
 10436 | D:10     | Found a staircase to the Lair.
 11937 | D:11     | Found a staircase to the Orcish Mines.
 12112 | D:11     | Reached skill level 15 in Dodging
 12144 | D:11     | Noticed a purple ugly thing
 12397 | D:10     | Killed Joseph
 12938 | D:10     | Noticed a hill giant
 13173 | D:10     | Noticed a spectral orc warlord
 13231 | D:10     | Noticed an unseen horror
 13236 | D:10     | Noticed an orange crystal statue
 13268 | D:10     | Killed an unseen horror
 13453 | D:10     | Noticed Erolcha
 13485 | D:10     | Killed Erolcha
 13485 | D:10     | Reached XP level 12. HP: 56/56 MP: 13/13
 14175 | D:10     | Reached skill level 1 in Evocations
 15974 | D:13     | Reached skill level 19 in Slings
 16134 | D:13     | Bought a runed robe for 30 gold pieces
 16134 | D:13     | Bought a runed cloak for 193 gold pieces
 16791 | D:14     | Noticed a centaur warrior
 16827 | D:14     | HP: 2/56 [centaur warrior/arrow (12)]
 16832 | D:14     | Shot with an arrow by a centaur

Vault maps used:
D:1:      dpeg_arrival_chase
D:2:      trog_book
D:3:      lemuel_tele_altar, uniq_grinder, uniq_iyjb
D:4:      marbit_many_paths, lemuel_doored_altar, temple_doors_b, serial_shops,
          shop, nicolae_shop_behind_doors, nicolae_shop_crystal,
          nicolae_gozag_cash_rules_everything_around_me
D:5:      grunt_pakellas_basics, grunt_dithmenos_shadows, first_bread,
          uniq_blork_the_orc, uniq_menkaure, uniq_prince_ribbit1
D:7:      serial_shops, shop, uniq_pikel
D:8:      basic_altar, nicolae_for_you_no_charge, uniq_maurice
D:9:      hangedman_pestilent_swarm
D:10:     minmay_separated_statues, david_lair_generic, uniq_gastronok,
          uniq_erolcha, uniq_joseph, uniq_nergalle
D:11:     hiddenorc1_lemuel, serial_bayou, serial_bayou_pond_e,
          serial_bayou_pond_b, serial_bayou_lagoon_a, serial_bayou_lagoon_b,
          hangedman_decor_diamond_cutter
D:12:     patterned_corridor
D:13:     hex_medium
D:14:     erik_vaults_1, minivault_24
Temple:   lightli_temple_of_artemis

Skill      XL: |  1  2  3  4  5  6  7  8  9 10 11 12 |
---------------+-------------------------------------+-----
Slings         | 5 6 8 9 11 13 16 17 18 19 | 19.3
Fighting       | 2 3 |  3.4
Dodging        | 4 11 16 | 16.9
Evocations     | 3 |  3.1
Stealth        | |  1.5

Action                   |  1- 3 |  4- 6 |  7- 9 | 10-12 || total
-------------------------+-------+-------+-------+-------++-------
Melee: Short sword       |     1 |       |     5 |       ||     6
       Spear             |       |       |       |   389 ||   389
 Fire: Hunting sling     |    70 |   225 |   412 |   975 ||  1682
Invok: Call Merchant     |       |       |       |     2 ||     2
Evoke: Wand              |       |       |    12 |    20 ||    32
  Use: Scroll            |     1 |     4 |     8 |     8 ||    21
       Potion            |       |       |     1 |     4 ||     5
 Stab: Sleeping          |     1 |       |       |     4 ||     5
       Paralysed         |       |       |     5 |       ||     5
       Distracted        |       |       |       |     2 ||     2
       Invisible         |       |       |       |     1 ||     1
  Eat: Pizza             |       |       |     3 |     1 ||     4
       Fruit             |       |       |     2 |     8 ||    10
       Royal jelly       |       |       |     1 |       ||     1
